 Dungeon Sprint DCSS version 0.20.1-1-g8b1a95d (webtiles) character file.

607 HessuHobo the Cleaver (level 7, -1/74 HPs)
             Began as a Minotaur Berserker on Oct 26, 2017.
             Was a Believer of Trog.
             Succumbed to Sonja's curare-tipped needle
             ... in the Dungeon (Sprint I: "Red Sonja").
             The game lasted 00:08:58 (539 turns).

HessuHobo the Cleaver (Minotaur Berserker)           Turns: 539, Time: 00:08:59

Health: -1/74      AC:  8    Str: 23    XL:     7   Next: 19%
Magic:  6/6        EV:  7    Int:  4    God:    Trog [**....]
Gold:   405        SH:  0    Dex: 10    Spells: 6/6 levels left

rFire    . . .     SeeInvis .   a - +0 hand axe
rCold    . . .     Gourm    .   (no shield)
rNeg     . . .     Faith    .   k - +0 chain mail
rPois    .         Spirit   .   (helmet restricted)
rElec    .         Reflect  .   (no cloak)
rCorr    .         Harm     .   (no gloves)
MR       ++...     NoTele   +   (no boots)
Stlth    ..........             (no amulet)
Regen    1.3/turn               (no ring)
MPRegen  0.1/turn               (no ring)

@: lethally poisoned (-1 -> -12), berserk cooldown, regenerating, slowed,
extremely drained, very slow
A: retaliatory headbutt, horns 2
a: Berserk, Trog's Hand, Burn Spellbooks, Renounce Religion


You were in the Dungeon.
You worshipped Trog.
Trog was pleased with you.
You were not hungry.

You visited 1 branch You collected 405 gold pieces.

Inventory:

Hand Weapons
 a - a +0 hand axe (weapon)
Armour
 b - a +0 animal skin
 k - a +0 chain mail (worn)
Wands
 j - a wand of flame (28/48)
Scrolls
 c - a scroll of magic mapping {unknown}
 i - a scroll of blinking
Potions
 d - a potion of curing
 e - a potion of heal wounds
 f - a potion of haste
 g - 2 potions of magic
 h - a potion of berserk rage
Comestibles
 l - a meat ration


   Skills:
 + Level 11.1(3.9) Fighting
 * Level 14.9(7.1) Axes
 - Level 2.4(0.0) Armour
 - Level 2.1(0.0) Dodging


You had 6 spell levels left.
You didn't know any spells.

Dungeon Overview and Level Annotations

Branches:
Dungeon (1/1)

Altars:
Cheibriados
Dithmenos
Elyvilon
Fedhas
Gozag
Hepliaklqana
Kikubaaqudgha
Makhleb
Nemelex Xobeh
Okawaru
Qazlal
Ru
Sif Muna
Trog
Uskayaw
Vehumet
Xom
Yredelemnul
Zin
The Shining One
Jiyva
Lugonu

Shops:
D [

Annotations:
D Sonja


Innate Abilities, Weirdness & Mutations

You reflexively headbutt those who attack you in melee.
You have a pair of horns on your head.


Message History

Sonja hits you but does no damage.
You feel drained. Sonja hits you but does no damage.
You feel drained.
You miss Sonja. Your headbutt misses Sonja.
* * * LOW HITPOINT WARNING * * *
You feel very sick. Sonja hits you but does no damage.
You feel drained. Sonja hits you but does no damage.
You feel drained. Sonja hits you but does no damage.
You feel drained. Sonja hits you but does no damage.
You feel drained. Sonja hits you but does no damage.
You feel drained. Sonja hits you but does no damage.
You feel drained.
You miss Sonja.
* * * LOW HITPOINT WARNING * * *
You feel very sick.
Sonja hits you with an uncursed dagger of draining.
* * * LOW HITPOINT WARNING * * *
You feel drained. Sonja hits you but does no damage.
You feel drained. Sonja hits you but does no damage.
You feel drained.
You miss Sonja. Your headbutt misses Sonja.
You die...

######################
#<.#..)..#..'..#__#..+
#..'†.#..').#..'^.'..#
#..#####'#####'#__####
#..####..#K..#.####
#..#__####.@##.#
#..#_____##(#..+
#⌠⌠#_.∩...†((._#
####_..__##_.#+#
#_____###'# #######
#.# $.$ $.$# ##.##


You could see Sonja.

Vanquished Creatures
  A slime creature (D)
  A yak (D)
  Sigmund (D)
  An ogre (D)
  A jelly (D)
  Ijyb (D)
6 creatures vanquished.

Notes
Turn   | Place    | Note
-------+----------+-------------------------------------------
     0 | D        | HessuHobo the Minotaur Berserker began the quest for the Orb.
     0 | D        | Reached XP level 1. HP: 19/19 MP: 0/0
     1 | D        | Noticed Ijyb
    10 | D        | Killed Ijyb
    10 | D        | Reached skill level 5 in Fighting
    10 | D        | Reached skill level 6 in Axes
    10 | D        | Reached XP level 2. HP: 25/29 MP: 1/1
   122 | D        | Noticed an ogre
   124 | D        | Killed an ogre
   124 | D        | Reached skill level 9 in Axes
   124 | D        | Reached XP level 3. HP: 30/39 MP: 2/2
   124 | D        | Reached XP level 4. HP: 36/47 MP: 3/3
   267 | D        | Noticed Sigmund
   272 | D        | Killed Sigmund
   272 | D        | Reached ** piety under Trog
   272 | D        | Reached skill level 12 in Axes
   272 | D        | Reached XP level 5. HP: 57/57 MP: 4/4
   297 | D        | Found a burning altar of Makhleb.
   297 | D        | Found a viscous altar of Jiyva.
   297 | D        | Found a shimmering altar of Xom.
   297 | D        | Found a corrupted altar of Lugonu.
   297 | D        | Noticed a slime creature
   310 | D        | Killed a slime creature
   310 | D        | Reached skill level 10 in Fighting
   310 | D        | Reached skill level 13 in Axes
   310 | D        | Reached XP level 6. HP: 30/67 MP: 5/5
   476 | D        | Found a deep blue altar of Sif Muna.
   478 | D        | Found a radiant altar of Vehumet.
   480 | D        | Reached skill level 14 in Axes
   503 | D        | Found Imatsir's Antique Armour Emporium.
   503 | D        | Found an ancient bone altar of Kikubaaqudgha.
   503 | D        | Found a hazy altar of Hepliaklqana.
   503 | D        | Found a hide-covered altar of Uskayaw.
   503 | D        | Found a basalt altar of Yredelemnul.
   503 | D        | Found an opulent altar of Gozag.
   503 | D        | Found a snail-covered altar of Cheibriados.
   503 | D        | Found a sacrificial altar of Ru.
   503 | D        | Found a shadowy altar of Dithmenos.
   503 | D        | Noticed a yak
   510 | D        | Killed a yak
   510 | D        | Reached XP level 7. HP: 74/74 MP: 6/6
   511 | D        | Found a stormy altar of Qazlal.
   511 | D        | Found a blossoming altar of Fedhas.
   511 | D        | Found a bloodstained altar of Trog.
   511 | D        | Found an iron altar of Okawaru.
   511 | D        | Found a glowing golden altar of the Shining One.
   511 | D        | Found a glowing silver altar of Zin.
   511 | D        | Found a white marble altar of Elyvilon.
   512 | D        | Found a sparkling altar of Nemelex Xobeh.
   528 | D        | Noticed Sonja
   538 | D        | HP: 2/74 [Sonja/uncursed dagger of draining (3)]
   539 | D        | Succumbed to Sonja's curare-tipped needle

Skill      XL: |  1  2  3  4  5  6 |
---------------+-------------------+-----
Fighting       | 5 7 9 10 11 | 11.1
Axes           | 6 9 12 13 14 | 14.9
Armour         | |  2.4
Dodging        | |  2.1

Action                   |  1- 3 |  4- 6 |  7- 9 || total
-------------------------+-------+-------+-------++-------
Melee: Hand axe          |     9 |    20 |     6 ||    35
       Headbutt          |     2 |     4 |       ||     6
Invok: Berserk           |     2 |     2 |       ||     4
       Trog's Hand       |       |     1 |     1 ||     2
  Eat: Bread ration      |       |     1 |       ||     1
Armor: Chain mail        |       |     1 |    13 ||    14
Dodge: Dodged            |     2 |     5 |     4 ||    11
